 Dungeon Crawl Stone Soup version 0.31-a0-426-g3a05650e59 (webtiles) character file.

Game seed: 6061020469585422743

39 mopl the Vexing (level 3, -2/26 HPs)
             Began as a Draconian Enchanter on July 30, 2023.
             Slain by a worm (6 damage)
             ... on level 2 of the Dungeon.
             The game lasted 00:01:27 (1325 turns).

mopl the Vexing (Draconian Enchanter)               Turns: 1325, Time: 00:01:28

Health: -2/26      AC:  5    Str: 10    XL:     3   Next: 28%
Magic:  6/6        EV: 12    Int: 17    God:
Gold:   74         SH:  0    Dex: 11    Spells: 5/7 levels left

rFire   . . .        a - +1 dagger
rCold   . . .        (no shield)
rNeg    . . .        (body armour unavailable)
rPois   .            (helmet restricted)
rElec   .            (no cloak)
rCorr   .            (no gloves)
SInv    .            (no boots)
Will    .....        (no amulet)
Stlth   ++           (no ring)
HPRegen 0.24/turn    (no ring)
MPRegen 0.10/turn

%: no passive effects
@: fire susceptible
A: AC +5, unfitting armour, cold-blooded
a: no special abilities


You were on level 2 of the Dungeon.
You visited 1 branch of the dungeon, and saw 2 of its levels.

You collected 74 gold pieces.

Inventory:

Hand Weapons
 a - a +1 dagger (weapon)
Missiles
 h - 2 poisoned darts
Scrolls
 c - a scroll of enchant armour {unknown}
 e - a scroll of teleportation {unknown}
 f - a scroll of identify {unknown}
Potions
 b - 2 potions of invisibility
 d - 2 potions of attraction {unknown}
 g - 2 potions of lignification {unknown}
 i - a potion of degeneration {unknown}


   Skills:
 + Level 1.4 Short Blades
 - Level 1.7 Dodging
 * Level 3.1 Stealth
 * Level 2.5 Spellcasting
 * Level 3.1 Hexes


You had 5 spell levels left.
You knew the following spells:

 Your Spells              Type           Power      Damage    Failure   Level
b - Ensorcelled Hibernat  Hex/Ice        14%        N/A       14%         2

Your spell library contained the following spells:

 Spells                   Type           Power      Damage    Failure   Level
 Confusing Touch          Hex            12%        N/A       16%         3
 Tukima's Dance           Hex            12%        N/A       16%         3
 Dazzling Flash           Conj/Hex       14%        N/A       28%         3


Dungeon Overview and Level Annotations

Branches:
Dungeon (2/15)

Altars:
Ignis

Annotations:
D:1 rf


Innate Abilities, Weirdness & Mutations

Your plain brown scales are hard. (AC +5)
You cannot fit into any form of body armour.
You are cold-blooded and may be slowed by cold attacks.


Message History

No target in view!
No target in view!
No target in view!
You now have 64 gold pieces (gained 15).
You now have 74 gold pieces (gained 10).
i - a bubbling green potion A worm comes into view.
You see here a ring of protection from cold.
The helpless worm fails to defend itself.
You puncture the worm!
The worm is heavily wounded.
The worm bites you!
You hit the worm.
The worm is heavily wounded.
You hit the worm but do no damage.
The worm is heavily wounded.
The worm misses you.
You hit the worm. You tail-slap the worm.
The worm is severely wounded.
You hit the worm.
The worm is severely wounded.
The worm bites you!
You are too injured to fight recklessly!
You are too injured to fight recklessly!
You are too injured to fight recklessly!
You are too injured to fight recklessly!
You are too injured to fight recklessly!
You are too injured to fight recklessly!
A worm is nearby!
A worm is nearby!
You hit the worm but do no damage.
The worm is severely wounded.
You hit the worm but do no damage.
The worm is severely wounded.
The worm bites you.
* * * LOW HITPOINT WARNING * * *
You hit the worm.
The worm is severely wounded.
The worm bites you.
You die...

###### #w...#
#.@..########
#............
#......#####
#.# ######..#
#.# ##.## #.#
#..## #.#
##..## #.#
##..## #.#
##..#####.#


You could see a worm.

Vanquished Creatures
  2 dart slugs (D:1)
  4 bats (D:1)
  5 endoplasms (D:1)
  3 giant cockroaches (D:1)
  4 hobgoblins (D:1)
  3 quokkas (D:1)
  4 ball pythons
  A frilled lizard (D:1)
  3 kobolds
  4 rats (D:1)
33 creatures vanquished.

Notes
Turn   | Place    | Note
-------+----------+-------------------------------------------
     0 | D:1      | mopl the Draconian Enchanter began the quest for the Orb.
     0 | D:1      | Reached XP level 1. HP: 14/14 MP: 3/3
    32 | D:1      | Found a large runed translucent door.
    32 | D:1      | Found a large runed translucent door.
   163 | D:1      | Reached XP level 2. HP: 20/20 MP: 5/5
   172 | D:1      | Learned a level 2 spell: Ensorcelled Hibernation
   236 | D:1      | Found a faded altar of an unknown god.
   257 | D:1      | Prayed at the altar of an unknown god.
   257 | D:1      | Became a worshipper of Ignis, the Dying Flame
   258 | D:1      | Fell from the grace of Ignis
   508 | D:1      | Reached skill level 3 in Stealth
   508 | D:1      | Reached skill level 3 in Hexes
  1117 | D:1      | Reached XP level 3. HP: 17/26 MP: 6/6
  1325 | D:2      | Slain by a worm

Illustrated notes

Levels and vault maps discovered:
D:1:      erik_arrival_cave_to_civilisation [erik_arrival_cave_to_temple],
          layout_basic, hellmonk_ecumenical_altar_leap_of_faith,
          palyth_stone_intersect, lemuel_flame_loot_1
D:2:      layout_rooms, basic_altar

Skill      XL: |  1  2 |
---------------+-------+-----
Stealth        | 3 |  3.1
Hexes          | 3 |  3.1
Short Blades   | |  1.4
Dodging        | |  1.7
Spellcasting   | |  2.5

Action                     || total
---------------------------++-------
  Melee: Dagger            ||   111
         Tailslap          ||    17
         Punch             ||     1
 Invoke: Renounce Religion ||     1
   Stab: Sleeping          ||     3
 Armour: Skin              ||    46
  Dodge: Dodged            ||    54

Table legend: (Time is in decaauts)
 A = Elapsed time spent in this place.
 B = Non-inter-level travel time spent in this place.
 C = Inter-level travel time spent in this place.
 D = Time resting spent in this place.
 E = Time spent auto-exploring this place.
 F = Levels seen in this place.
 G = Mean time per level.
                   A        B        C        D        E       F      G
               +--------+--------+--------+--------+--------+-----+--------+
         Total |   1321 |   1258 |     63 |     82 |    965 |   2 |  660.5 |
       Dungeon |   1321 |   1258 |     63 |     82 |    965 |   2 |  660.5 |
               +--------+--------+--------+--------+--------+-----+--------+

Top non-repeatable levels by time:
     D:1: 1241 daAuts
     D:2: 80 daAuts
